AoeStats
← 钓鱼佬

African Clearing

510460554Analyzed
4v4 RM · 1d ago on Oct 1, 2026· 42m 46s· 8 players
Game mode
Random Map
Map size
Large (8 player)
Population
200
Speed
Normal
Resources
Standard
Victory
Conquest
Starting age
Dark Age
Ending age
Imperial Age
RankedLock teamsTeams togetherTeam positionsShared explorationLock speedFull tech treeHidden civsTurbo modeCheats
Victory
Defeat
🇨🇳 Cumans · China
1827
+6
🇨🇳 Khmer · China
1731
+9
🇨🇳 Spanish · China
1651
+12
🇨🇳 Japanese · China
1580
+14
🇦🇷 Magyars · Argentina
1618
-12
🇦🇷 Dravidians · Argentina
1584
-11
🇦🇷 Chinese · Argentina
1533
-9
🇦🇷 Mongols · Argentina
1518
-9
DZT_白霜魔头
13:21 Feudal Age
12:57 Loom
14:18 Double-Bit Axe
17:19 Castle Age
16:12 Fletching
16:15 Gold Mining
16:32 Horse Collar
18:12 Bodkin Arrow
19:16 Padded Archer Armor
20:23 Town Watch
25:50 Bow Saw
26:51 Bloodlines
28:25 Ballistics
31:03 Wheelbarrow
31:03 Wheelbarrow
30:54 Stone Mining
33:23 Hand Cart
35:45 Heavy Plow
36:25 Leather Archer Armor
38:41 Imperial Age
37:44 Elite Skirmisher
38:30 Thumb Ring
39:19 Gold Shaft Mining
40:29 Chemistry
40:07 Ring Archer Armor
41:35 Cuman Mercenaries
41:58 Conscription
42:13 Parthian Tactics
41:18 Elite Steppe Lancer
42:19 Scale Barding Armor
44:06 Two-Man Saw
tim.13
6:11 Loom
12:34 Feudal Age
15:47 Scale Barding Armor
19:11 Fletching
24:24 Double-Bit Axe
30:51 Castle Age
28:53 Gold Mining
29:13 Horse Collar
30:23 Bloodlines
30:27 Forging
31:56 Chain Barding Armor
34:29 Husbandry
37:32 Light Cavalry
41:13 Bow Saw
42:00 Wheelbarrow
钓鱼佬
5:31 Loom
15:57 Feudal Age
16:44 Double-Bit Axe
20:00 Castle Age
23:19 Fletching
23:57 Bow Saw
25:12 Bodkin Arrow
28:08 Padded Archer Armor
31:09 Ballistics
34:08 Bloodlines
33:59 Husbandry
35:20 Wheelbarrow
36:15 Thumb Ring
37:12 Horse Collar
38:06 Leather Archer Armor
38:32 Hand Cart
39:27 Husbandry
40:18 Stone Mining
40:20 Gold Mining
44:11 Imperial Age
41:27 Town Watch
lemon tea
11:17 Loom
13:23 Feudal Age
15:04 Town Watch
18:12 Castle Age
16:41 Double-Bit Axe
19:30 Bow Saw
22:24 Horse Collar
23:35 Padded Archer Armor
27:07 Fletching
30:19 Devotion
31:34 Light Cavalry
32:38 Husbandry
33:32 Wheelbarrow
35:13 Heavy Plow
35:51 Bloodlines
38:04 Gold Mining
39:37 Hand Cart
40:05 Bodkin Arrow
40:26 Scale Barding Armor
40:48 Forging
42:27 Stone Mining
_38_VirusBox_Arg
11:21 Loom
14:00 Feudal Age
14:49 Town Watch
14:52 Double-Bit Axe
18:25 Castle Age
16:10 Double-Bit Axe
16:42 Fishing Lines
19:00 Gillnets
19:25 Bow Saw
18:41 Light Cavalry
21:40 Husbandry
22:13 Horse Collar
29:42 Sanctity
34:35 Wheelbarrow
35:29 Forging
37:33 Iron Casting
38:59 Scale Barding Armor
39:25 Fletching
_29_3ffect_Arg
3:22 Loom
12:36 Feudal Age
13:22 Double-Bit Axe
20:33 Fletching
28:26 Castle Age
26:50 Gold Mining
26:46 Horse Collar
29:41 Bow Saw
28:56 Crossbowman
30:26 Padded Archer Armor
35:13 Bodkin Arrow
39:18 Wheelbarrow
40:33 Fervor
__48_Willow_Arg
3:25 Loom
13:48 Feudal Age
14:35 Double-Bit Axe
18:45 Fletching
20:22 Padded Archer Armor
27:59 Castle Age
28:54 Bow Saw
29:26 Horse Collar
30:25 Town Watch
37:31 Bodkin Arrow
40:02 Ballistics
40:35 Wheelbarrow
_13_Enzus_Arg
9:14 Loom
12:00 Feudal Age
13:54 Town Watch
18:49 Double-Bit Axe
22:41 Castle Age
21:17 Scale Barding Armor
22:00 Fletching
22:20 Bloodlines
23:21 Bodkin Arrow
23:29 Light Cavalry
26:59 Bow Saw
27:58 Husbandry
31:53 Ballistics
38:57 Wheelbarrow
38:45 Horse Collar
42:09 Padded Archer Armor
Connection lost

Rejoining the realm…

Still unreachable

The connection could not be restored.

Session expired

The server has moved on; the page needs a fresh start.